 Dungeon Crawl Stone Soup version 0.28-a0-1348-g050f3537b9 (webtiles) character file.

Game seed: 3551255999916601498

4 Cheeritup the Grave Robber (level 1, -1/10 HPs)
             Began as a Deep Elf Necromancer on Dec 30, 2021.
             Slain by a goblin (4 damage)
             ... on level 1 of the Dungeon.
             The game lasted 00:00:18 (37 turns).

Cheeritup the Grave Robber (Deep Elf Necromancer)     Turns: 37, Time: 00:00:19

Health: -1/10      AC:  2    Str:  5    XL:     1   Next: 50%
Magic:  1/6        EV: 12    Int: 19    God:
Gold:   0          SH:  0    Dex: 15    Spells: 5/6 levels left

rFire   . . .      SeeInvis .   (no weapon)
rCold   . . .      Faith    .   (no shield)
rNeg    . . .      Spirit   .   a - +0 robe
rPois   .          Reflect  .   (no helmet)
rElec   .          Harm     .   (no cloak)
rCorr   .          Rampage  .   (no gloves)
Will    .....                   (no boots)
Stlth   ++........              (no amulet)
HPRegen 0.03/turn               (no ring)
MPRegen 0.10/turn               (no ring)

@: no status effects
A: no striking features
a: no special abilities


You were on level 1 of the Dungeon.
You visited 1 branch of the dungeon, and saw 1 of its levels.

Inventory:

Armour
 a - a +0 robe (worn)
Potions
 b - a potion of resistance {unknown}


   Skills:
 + Level 2.5 Dodging
 + Level 2.5 Stealth
 + Level 3.1 Spellcasting
 + Level 4.9 Necromancy


You had 5 spell levels left.
You knew the following spells:

 Your Spells              Type           Power      Damage    Failure   Level
a - Pain                  Necr           84%        1d8       1%          1

Your spell library contained the following spells:

 Spells                   Type           Power      Damage    Failure   Level
 Animate Skeleton         Necr           42%        N/A       1%          1
 Vampiric Draining        Necr           21%        2d7       6%          3
 Animate Dead             Necr           10%        N/A       21%         4
 Agony                    Necr           21%        N/A       50%         5


Dungeon Overview and Level Annotations

Branches:
Dungeon (1/15)

Altars:


Message History

Press ? for a list of commands and other information.
Found a staircase leading out of the dungeon.
You open the door.
There is an open door here.
You open the door.
Found a fizzy red potion.
There is an open door here.
b - a fizzy red potion You open the door.
There is an open door here.
You open the door.
There is an open door here.
A sourceless malevolence fills the Dungeon... and a teleportation trap spontaneously manifests!
You are yanked towards some nearby monsters!
Your surroundings suddenly seem different. 3 jackals, an endoplasm, a goblin and a hobgoblin come into view.
Found an orb of energy and 10 gold pieces.
You see here an orb of energy.
The goblin shouts!
The jackal barks!
The hobgoblin shouts!
The jackal barks!
The hobgoblin writhes in agony.
You kill the hobgoblin!
The jackal barks!
The endoplasm quivers.
The jackal writhes in agony!
You kill the jackal!
The jackal writhes in agony.
The endoplasm writhes in agony!
You kill the endoplasm!
The jackal bites you. x2
You are too injured to fight recklessly!
You are too injured to fight recklessly!
You are too injured to fight recklessly!
You are too injured to fight recklessly!
Aiming: Pain (safe; 1% risk of failure)
Press: ? - help, Q - select action Shift-Dir - straight line, f - jackal
Aim: a jackal (chance to affect: 90%)
The jackal writhes in agony.
The jackal misses you. The jackal barely misses you.
The goblin hits you with a +0 dagger.
You die...

##..# #.
##...##..
#######..#.#..
.......$.....
..........#
#.......#
#.......####
#...hhg....#
#....@.###...
#......#
#......#
#.###..# ...
#... ... .....
... #.###. #.#


You could see 2 jackals and a goblin.

Vanquished Creatures
  An endoplasm (D:1)
  A hobgoblin (D:1)
  A jackal (D:1)
3 creatures vanquished.

Notes
Turn   | Place    | Note
-------+----------+-------------------------------------------
     0 | D:1      | Cheeritup the Deep Elf Necromancer began the quest for the
                  | Orb.
     0 | D:1      | Reached XP level 1. HP: 10/10 MP: 6/6
    37 | D:1      | Slain by a goblin

Illustrated notes

Levels and vault maps discovered:
D:1:      elethiomel_arrival_diamonds, layout_rooms,
          hellmonk_ecumenical_altar_watching_god

Action                   || total
-------------------------++-------
 Cast: Pain              ||     5
Dodge: Dodged            ||     2

Table legend: (Time is in decaauts)
 A = Elapsed time spent in this place.
 B = Non-inter-level travel time spent in this place.
 C = Inter-level travel time spent in this place.
 D = Time resting spent in this place.
 E = Time spent auto-exploring this place.
 F = Levels seen in this place.
 G = Mean time per level.
                   A        B        C        D        E       F      G
               +--------+--------+--------+--------+--------+-----+--------+
         Total |     37 |     37 |      0 |      0 |      5 |   1 |   37.0 |
       Dungeon |     37 |     37 |      0 |      0 |      5 |   1 |   37.0 |
               +--------+--------+--------+--------+--------+-----+--------+

Top non-repeatable levels by time:
     D:1: 37 daAuts
